Map: Ruins of Endion

Players

Miszu

  • Race: Terran Terran
  • League: Master

IlIlIIlIIlIl - Winner!

  • Race: Terran Terran
  • League: Master

VOD

Have the link to the VOD?

Description

Time

  • Played on: April 5, 2016, 3:52 p.m.
  • Length: 9:05
Show
View Real Time Build Order
Export as new Build Order

Miszu Terran 

Build Orders: 1/1/1 

Get SALT Encoding   

  12  0:01  SCV  
  13  0:13  SCV  
  14  0:19  Supply Depot  
  14  0:25  SCV  
  14  0:28  Refinery  
  15  0:41  SCV  
  16  0:46  Barracks  
  16  0:53  SCV  
  17  1:05  Refinery, SCV  
  18  1:17  SCV  
  19  1:23  Supply Depot  
  19  1:29  SCV  
  20  1:34  Factory  
  20  1:41  Reaper  
  21  1:48  Orbital Command  
  21  2:13  Reaper, SCV  
  23  2:19  Starport, Hellion  
  25  2:25  SCV  
  25  2:27  Supply Depot  
  26  2:38  SCV  
  26  2:41  Hellion  
  29  2:45  Barracks Tech Lab  
  29  2:50  SCV  
  30  3:01  Supply Depot  
  30  3:02  SCV  
  31  3:14  Hellion, SCV  
  34  3:26  SCV  
  35  3:28  Banshee  
  35  3:30  Engineering Bay  
  38  3:37  Supply Depot  
  38  3:38  SCV  
  38  3:50  SCV  
  39  4:02  SCV  
  40  4:14  SCV  
  34  4:24  Command Center  
  34  4:26  SCV  
  34  4:29  Barracks Reactor, Factory Tech Lab  
  35  4:37  Command Center  
  32  4:38  SCV  
  33  4:51  Siege Tank, SCV  
  37  4:54  Starport Reactor  
  37  4:57  Barracks x2  
  37  5:03  SCV  
  37  5:06  Marine x2  
  40  5:15  SCV  
  40  5:18  Terran Infantry Weapons Level 1  
  41  5:23  Siege Tank  
  41  5:25  Marine x2  
  41  5:27  SCV  
  47  5:33  Medivac  
  49  5:38  Orbital Command  
  49  5:39  SCV  
  50  5:42  Marine  
  50  5:48  Barracks Tech Lab  
  51  5:50  SCV  
  51  5:51  SCV  
  53  6:02  Marine x2, SCV  
  53  6:03  SCV  
  55  6:13  SCV  
  55  6:15  SCV  
  55  6:17  Marine  
  59  6:23  Starport Reactor  
  59  6:25  SCV, Orbital Command  
  60  6:27  Siege Tank, SCV  
  64  6:37  SCV  
  64  6:38  Marine  
  64  6:39  SCV  
  65  6:42  Barracks Reactor  
  65  6:44  Refinery x2  
  65  6:46  Barracks  
  65  6:48  Barracks Tech Lab  
  65  6:49  SCV  
  65  6:52  SCV  
  67  6:54  SCV  
  67  6:55  Marine  
  69  7:02  Siege Tank  
  69  7:05  Viking x2  
  69  7:06  SCV  
  69  7:07  SCV  
  78  7:11  Supply Depot  
  78  7:19  Marine x2, SCV  
  80  7:32  Supply Depot, Barracks  
  80  7:33  Supply Depot  
  80  7:34  Barracks Tech Lab  
  82  7:37  Marine x2  
  82  7:40  SCV  
  82  7:41  Barracks Tech Lab  
  83  7:44  Medivac, Siege Tank  
  83  7:50  Engineering Bay x2, Medivac  
  82  7:59  SCV  
  82  8:00  Marine  
  78  8:14  SCV x2  
  78  8:17  Barracks Tech Lab  
  78  8:20  Factory Tech Lab  
  78  8:22  Marine  
  78  8:23  Barracks Reactor  
  78  8:24  Barracks Reactor  
  78  8:26  SCV x2  
  80  8:27  Armory  
  75  8:37  Orbital Command  
Show
View Real Time Build Order
Export as new Build Order

IlIlIIlIIlIl Terran - Winner!

Build Orders: Reaper Expand, MMM Bio 

Get SALT Encoding   

  12  0:00  SCV  
  13  0:13  SCV  
  14  0:17  Supply Depot  
  14  0:25  SCV  
  15  0:39  SCV  
  15  0:41  Barracks  
  16  0:45  Refinery  
  16  0:51  SCV  
  17  1:03  SCV  
  18  1:15  SCV  
  19  1:28  Reaper, Orbital Command  
  20  1:41  Command Center  
  20  1:51  Refinery  
  20  1:55  SCV  
  21  2:05  Factory  
  21  2:07  Marine  
  23  2:20  Supply Depot  
  23  2:25  SCV  
  23  2:41  Marine, SCV  
  25  2:50  Starport, Factory Tech Lab  
  25  2:54  Orbital Command  
  25  2:59  Marine  
  25  3:09  Cyclone  
  25  3:12  SCV  
  29  3:17  Marine  
  30  3:20  SCV  
  30  3:24  SCV  
  32  3:30  Viking  
  32  3:33  Supply Depot  
  35  3:35  Marine  
  35  3:37  SCV  
  35  3:41  Supply Depot  
  35  3:55  Barracks Reactor  
  35  3:56  SCV  
  35  3:57  Siege Tank  
  35  4:00  Supply Depot  
  39  4:03  Viking, Orbital Command  
  39  4:13  SCV  
  34  4:25  SCV  
  35  4:40  Siege Tank  
  35  4:42  SCV  
  35  4:44  SCV  
  40  4:54  Marine, SCV  
  40  4:57  SCV  
  43  5:01  Refinery  
  43  5:05  Medivac x2  
  43  5:06  SCV  
  48  5:11  Barracks x2  
  48  5:13  Barracks Reactor  
  48  5:16  SCV  
  48  5:18  SCV  
  48  5:20  Supply Depot  
  50  5:28  SCV  
  51  5:29  Supply Depot  
  51  5:30  SCV  
  51  5:34  Siege Tank  
  55  5:40  SCV  
  55  5:42  SCV  
  57  5:51  Barracks  
  57  5:52  SCV  
  57  5:53  Barracks  
  57  5:54  Starport Reactor, SCV  
  59  5:58  Marine x2  
  59  5:59  Barracks Tech Lab x2  
  61  6:04  SCV  
  61  6:06  SCV  
  63  6:16  Marine x2, Siege Tank  
  67  6:34  Combat Shields  
  67  6:35  Marine, Stimpack  
  67  6:36  SCV x2  
  67  6:38  Refinery  
  70  6:41  Barracks Reactor, Supply Depot x2, Marine  
  70  6:45  Supply Depot  
  71  6:48  SCV x2  
  71  6:53  Marine x2  
  75  7:02  Marine x2  
  77  7:08  Marine x2  
  77  7:11  Siege Tank  
  77  7:13  Marine, SCV x2  
  77  7:14  Marine  
  86  7:21  Marine x2  
  88  7:26  Marine x2  
  88  7:27  Supply Depot x2  
  88  7:29  Supply Depot  
  90  7:37  Marine  
  90  7:43  Siege Tank  
  90  7:46  SCV x2  
  90  7:50  Marine x2  
  94  7:56  Marine  
  94  7:57  Marine x2, Medivac  
  98  8:00  Medivac  
  98  8:04  Command Center  
  98  8:05  SCV x2  
  99  8:17  Marine  
  99  8:18  Marine x4  
  99  8:19  Marine  
  94  8:20  Siege Tank  
  97  8:27  Marine, Medivac  
  97  8:28  Marine  
  97  8:30  Medivac  
  103  8:35  Marine  
  103  8:36  Marine x2  
  103  8:38  Marine  
  103  8:40  SCV  
Tags
 
Add a new tag
Caveats
  • Supply blocks, unpowered buildings, or Contaminate may cause inaccurate times.
  • Supply counts are checked every 10 seconds.